 Dungeon Crawl Stone Soup version 0.19-a0-831-gce7da8b (webtiles) character file.

38 Bodrick the Cutter (level 3, -3/19 HPs)
             Began as a Vine Stalker Berserker on June 30, 2016.
             Was a Follower of Trog.
             Killed by divine providence
             ... invoked by an orc priest
              (12 damage)
             ... on level 3 of the Dungeon.
             The game lasted 00:01:38 (1812 turns).

Bodrick the Cutter (Vine Stalker Berserker)         Turns: 1812, Time: 00:01:39

Health: -3/19      AC:  2    Str: 20    XL:     3   Next: 43%
Magic:  0/4        EV: 12    Int:  7    God:    Trog [*.....]
Gold:   69         SH:  0    Dex: 13    Spells: 0 memorised, 2 levels left

rFire  . . .     SeeInvis .     a - +0 short sword
rCold  . . .     Gourm    .     f - +0 robe (curse)
rNeg   . . .     Faith    .     (no shield)
rPois  .         Spirit   +     (no helmet)
rElec  .         Dismiss  .     (no cloak)
rCorr  .         Reflect  .     (no gloves)
SustAt .         Harm     .     (no boots)
MR     .....                    (no amulet)
Stlth  ++........               (no ring)
                                (no ring)

@: not resistant to hostile enchantments, unstealthy
A: fangs 2, regeneration 1, magic shield, antimagic bite, no device heal 3, rot
immunity
a: Berserk, Burn Spellbooks, Renounce Religion


You were on level 3 of the Dungeon.
You worshipped Trog.
Trog was aware of your devotion.
You were hungry.

You visited 1 branch of the dungeon, and saw 3 of its levels.

You collected 69 gold pieces.

Inventory:

Hand Weapons
 a - a +0 short sword (weapon)
Armour
 f - a cursed +0 robe (worn)
Scrolls
 b - 2 scrolls of magic mapping {unknown}
 d - a scroll of recharging {unknown}
 e - a scroll of enchant weapon {unknown}
 g - a scroll of fog {unknown}
 i - a scroll of remove curse {unknown}
 j - 2 scrolls of identify {unknown}
Potions
 h - a potion of agility {unknown}
Comestibles
 c - 4 bread rations


   Skills:
 - Level 2.6 Fighting
 + Level 3.3 Short Blades
 - Level 1.5 Armour
 - Level 1.5 Dodging
 + Level 2.9 Stealth


You had 2 spell levels left.
You didn't know any spells.

Dungeon Overview and Level Annotations

Branches:
Dungeon (3/15)

Altars:
Makhleb
Okawaru


Innate Abilities, Weirdness & Mutations

You have extremely sharp teeth.
Your natural rate of healing is unusually fast.
When hurt, damage is shared between your health and your magic reserves.
Your bite disrupts and absorbs the magic of your enemies.
Potions and wands cannot restore your health.
You are immune to rotting.


Message History

Unknown command.
Done exploring.
The world stops spinning.
There is an open door here.
You see here 23 stones.
There is a stone staircase leading down here.
You climb downwards.
An adder, a goblin, 4 orcs and an orc priest come into view.
Found 23 stones, a falchion and 3 scrolls labeled WIB UTWUXZY.
There is a stone staircase leading up here.
Unknown command.
The orc shouts! x3; The goblin shouts!
The adder hisses angrily.
The orc priest mumbles some strange prayers to Beogh against you.
Beogh smites you! The orc hits you with a mace. The orc closely misses you.
Unknown command.
The orc priest mumbles some strange prayers to Beogh against you.
Beogh smites you!
* * * LOW MAGIC WARNING * * *
Ouch! That really hurt!
You die...

#..###...
##.....#.##
.#.........#
..........
#.......# .
#.......# ...
#.....##.S...
#.oo.@.......
#(.o....#.....
#.)o....# ...
#.o..g..# #
##.....##
##...## #####


You could see an orc priest, an adder, 4 orcs and a goblin.

Vanquished Creatures
  An adder (D:2)
  2 dart slugs (D:1)
  A giant gecko (D:1)
  2 giant cockroaches (D:1)
  2 goblins
  3 hobgoblins (D:1)
  A kobold (D:1)
  7 bats
  A giant newt (D:1)
  3 rats
23 creatures vanquished.

Notes
Turn   | Place    | Note
--------------------------------------------------------------
     0 | D:1      | Bodrick the Vine Stalker Berserker began the quest for the Orb.
     0 | D:1      | Reached XP level 1. HP: 11/11 MP: 2/2
    42 | D:1      | Reached skill level 1 in Stealth
    61 | D:1      | Reached skill level 3 in Short Blades
    61 | D:1      | Reached XP level 2. HP: 4/16 MP: 0/3
   807 | D:1      | Reached XP level 3. HP: 19/19 MP: 4/4
  1006 | D:2      | Found an iron altar of Okawaru.
  1690 | D:2      | Found a burning altar of Makhleb.
  1812 | D:3      | Killed from afar by an orc priest

Vault maps used:
D:1:      evilmike_arrival_crescent
D:2:      lemuel_round_altar, lemuel_coloured_pillars_altar, first_bread,
          minmay_stone_trees_medium
D:3:      nicolae_overflow_hidden_temple, grunt_ministairs_8, uniq_natasha,
          uniq_jessica, uniq_grinder

Skill      XL: |  1  2 |
---------------+-------+-----
Stealth        | 1 2 |  2.9
Short Blades   | 3 |  3.3
Fighting       | |  2.6
Armour         | |  1.5
Dodging        | |  1.5

Action                   || total
-------------------------++-------
Melee: Short sword       ||    48
       Bite              ||     7
 Stab: Sleeping          ||     7
  Eat: Chunk             ||     2
Armor: Robe              ||     3
       Animal skin       ||     1
Dodge: Dodged            ||    32
